 Dungeon Crawl Stone Soup version 0.30-a0-135-g630cfc4551 (webtiles) character file.

Game seed: 1697501205133069253

131851 greasedhog the Slayer (level 17, 0/208 HPs)
             Began as an Ogre Berserker on Sept 20, 2022.
             Was a High Priest of Trog.
             Slain by a wolf spider (2 damage)
             ... summoned by a broodmother
             ... on level 2 of the Spider Nest.
             The game lasted 00:48:51 (33932 turns).

greasedhog the Slayer (Ogre Berserker)             Turns: 33932, Time: 00:48:53

Health: 0/208      AC: 12    Str: 42    XL:     17   Next: 11%
Magic:  17/17      EV: 12    Int:  8    God:    Trog [*****.]
Gold:   955        SH:  0    Dex:  8    Spells: 16/16 levels left

rFire   + . .      SeeInvis +    T - +11 giant spiked club "Ymarag" {vorpal, Will+ Str+5}
rCold   . . .      Faith    .    (shield currently unavailable)
rNeg    . . .      Spirit   .    H - +0 troll leather armour
rPois   +          Reflect  .    y - +2 hat {SInv}
rElec   .          Harm     .    I - +2 cloak {rPois}
rCorr   +          Rampage  .    (gloves unavailable)
Will    ++...                    (boots unavailable)
Stlth   +.........               z - amulet of the acrobat
HPRegen 1.24/turn                K - +6 ring of strength
MPRegen 0.15/turn                R - ring of resist corrosion

@: confused, lethally poisoned (0 -> -15), on berserk cooldown, slowed, very
slow
A: large, unfitting armour, tough skin 1, camouflage 1, fire resistance 1
a: Renounce Religion, Berserk, Trog's Hand, Brothers in Arms


You were on level 2 of the Spider Nest.
You worshipped Trog.
Trog was extremely pleased with you.
You visited 4 branches of the dungeon, and saw 25 of its levels.
You also visited: Sewer.

You collected 2916 gold pieces.
You spent 1961 gold pieces at shops.

Inventory:

Hand Weapons
 N - a +9 antimagic giant spiked club
 T - the +11 giant spiked club "Ymarag" (weapon) {vorpal, Will+ Str+5}
   (Trog gifted it to you on level 1 of the Spider Nest)

   It inflicts extra damage upon your enemies.
   Str:       It affects your strength (+5).
   Will:      It increases your willpower.
 W - the +7 giant club "Aptyiry" {vorpal, rC++ Str+3}
   (You took it off an ogre on level 3 of the Dungeon)

   It inflicts extra damage upon your enemies.
   Str:       It affects your strength (+3).
   rC:        It greatly protects you from cold.
Missiles
 B - 6 curare-tipped darts (quivered)
 V - 2 throwing nets
Armour
 y - a +2 hat of see invisible (worn)
 H - a +0 troll leather armour (worn)
 I - a +2 cloak of poison resistance (worn)
Jewellery
 a - a +4 ring of evasion
 e - a ring of flight
 h - a ring of protection from cold
 v - an amulet of guardian spirit
 z - an amulet of the acrobat (around neck)
 K - a +6 ring of strength (left hand)
 M - a ring of see invisible
 R - a ring of resist corrosion (right hand)
Wands
 b - a wand of flame (54)
 o - a wand of iceblast (24)
 w - a wand of charming (25)
 D - a wand of light (2)
 F - a wand of digging (12)
Scrolls
 d - 12 scrolls of teleportation
 g - 2 scrolls of torment
 j - 6 scrolls of vulnerability
 l - 3 scrolls of enchant weapon
 m - 7 scrolls of butterflies
 q - 5 scrolls of immolation
 r - 7 scrolls of blinking
 E - 5 scrolls of fear
 J - a scroll of enchant armour
 O - 5 scrolls of poison
 P - 3 scrolls of magic mapping
 Q - 2 scrolls of summoning
 S - a scroll of silence
 X - a scroll of brand weapon
Potions
 c - 3 potions of flight
 f - 9 potions of might
 i - 3 potions of resistance
 k - a potion of ambrosia
 n - 6 potions of invisibility
 p - a potion of heal wounds
 s - 2 potions of mutation
 t - 7 potions of haste
 u - 5 potions of magic
 x - 4 potions of attraction
 A - 4 potions of berserk rage
 C - 5 potions of brilliance
 G - 3 potions of lignification
 L - 10 potions of curing
Miscellaneous
 U - a lightning rod (4/4)


   Skills:
 * Level 21.8 Fighting
 * Level 16.8 Maces & Flails
 - Level 10.0 Armour
 * Level 12.9 Dodging


You had 16 spell levels left.
You didn't know any spells.
Your spell library was empty.

Dungeon Overview and Level Annotations

Branches:
Dungeon (15/15)            Temple (0/1) D:5            Lair (5/5) D:10
  Swamp (0/4) Lair:3       Spider (3/4) Lair:2        Slime (0/5) Lair:4
    Orc (2/2) D:10            Elf (0/3) Orc:2        Vaults (0/5) D:14
 Depths (0/4) D:15          Sewer (visited)

Altars:
Ashenzari
Elyvilon
Ru
Sif Muna
Vehumet
Xom
Jiyva

Shops:
D:4 (=(([   D:8 *   D:9 (   Orc:1 [![   Orc:2 ?*?(


Innate Abilities, Weirdness & Mutations

You are too large for most types of armour.
You have tough skin. (AC +1)
Your skin changes colour to match your surroundings (Stealth+).
Your flesh is heat resistant. (rF+)


Message History

The tarantella touches you!
* * * LOW HITPOINT WARNING * * *
The redback bites you!
* * * LOW HITPOINT WARNING * * *
The redback bites you!
* * * LOW HITPOINT WARNING * * *
You are lethally poisoned!
The redback poisons you! The tarantella closely misses you.
You feel much better.
* * * LOW HITPOINT WARNING * * *
You feel extremely sick. The redback bites you!
* * * LOW HITPOINT WARNING * * *
The redback bites you.
* * * LOW HITPOINT WARNING * * *
The tarantella touches you.
* * * LOW HITPOINT WARNING * * *
You are more confused.
The tarantella touches you.
* * * LOW HITPOINT WARNING * * *
The redback bites you!
* * * LOW HITPOINT WARNING * * *
The tarantella barely misses you. The tarantella touches you.
* * * LOW HITPOINT WARNING * * *
You are more confused.
The broodmother summons a spider!
Unknown command.
You are too confused!
Okay, then.
You are too confused!
You are too confused!
You are too confused!
Okay, then.
You feel much better.
* * * LOW HITPOINT WARNING * * *
You feel extremely sick.
The redback bites you but does no damage.
The tarantella closely misses you. The tarantella barely misses you.
The wolf spider hits you.
You die...

####...# #.... #......##
##... #######.### #....
####......###.... ###
###...........#.... #.###
#.s.........####†..
##..####............##^...
##...##sss........######.
##...##s@.........## ##.
#....s.ss..........####..
##................###..#.
####.#^..........# #.#..
##.####.>.:.....# ##...
####....###........## #^#.
#...^....###........# ##..
##........###......## #^.
#........####......####..


You could see a broodmother, a wolf spider (summoned), 2 orb spiders, 2
tarantellas and 2 redbacks.

Vanquished Creatures
  Rupert (D:14)
  Frances (D:15)
  Gastronok (D:9)
  An emperor scorpion (Spider:2)
  A ghost moth (Spider:1)
  A broodmother (Spider:2)
  Nessos (D:13)
  An ettin (D:15)
  Josephine (Lair:4)
  A fire dragon (Lair:5)
  Fannar (D:11)
  A vault guard (D:14)
  7 hydras
  Erolcha (D:9)
  A jorogumo (Spider:1)
  2 centaur warriors
  6 boulder beetles
  A catoblepas (D:13)
  2 ogre magi
  13 two-headed ogres
  2 radroaches
  A death scarab (Spider:1)
  2 orc high priests (Orc:2)
  A tengu warrior (D:15)
  6 death yaks
  Urug (D:13)
  Sonja (Lair:4)
  A deep troll (D:15)
  4 pharaoh ants
  A swamp dragon (Lair:5)
  2 steelbarb worms (Spider:1)
  4 orb spiders (Spider:2)
  A wizard (D:14)
  3 orc knights
  Pikel (D:7)
  4 necromancers
  A deep elf pyromancer (D:14)
  10 ugly things
  7 orc sorcerers
  An oklob plant (Lair:3)
  8 wolf spiders
  3 manticores
  4 cyclopes
  A moth of wrath (Spider:1)
  14 elephants
  An ice statue (D:13)
  4 black mambas
  The ghost of ytrimaz the Trooper, a novice DsGl (D:4)
  4 torpor snails
  3 gargoyles
  A rime drake (Lair:5)
  Maggie (D:7)
  7 cane toads
  An unseen horror (D:11)
  A kobold demonologist (D:14)
  5 demonic crawlers
  An efreet (D:13)
  4 komodo dragons
  A tengu conjurer (D:13)
  2 freezing wraiths
  8 trolls
  4 meliai
  10 polar bears
  16 blink frogs
  4 raiju (Lair:5)
  4 tyrant leeches (Lair:3)
  10 tarantellas
  8 slime creatures
  8 dream sheep (Lair:3)
  19 jumping spiders
  Sigmund (D:5)
  15 culicivoras
  2 shadows
  7 wyverns
  2 vampires
  20 humans (D:14)
  61 yaks
  Eustachio (D:6)
  3 fire bats (Lair:4)
  6 wraiths
  4 basilisks
  3 vampire mosquitoes (D:13)
  2 steam dragons (Lair:5)
  13 redbacks
  The ghost of SigmundSlayer the Grave Robber, an amateur DsNe (D:5)
  6 wargs
  14 water moccasins
  Menkaure (D:6)
  8 acid dragons
  13 hell hounds (Lair:5)
  2 ice beasts
  A sky beast (D:7)
  27 orc warriors
  14 black bears
  A swamp drake (Lair:5)
  7 ogres
  13 wolves (Lair:5)
  9 centaurs
  A phantom (D:6)
  4 kobold brigands
  The ghost of SirDiesAlot the Digger, an amateur DEEE (D:3)
  Blork the orc (D:5)
  3 necrophages
  A gnoll sergeant (D:8)
  11 bullfrogs
  7 scorpions
  9 wights (D:7)
  17 killer bees
  5 howler monkeys
  4 electric eels
  Crazy Yiuf (D:5)
  2 bullfrog skeletons (D:5)
  3 hounds
  19 jellies
  20 orc priests
  2 gnoll boudas
  4 iguanas
  25 orc wizards
  13 hell rats
  A howler monkey zombie (D:5)
  18 gnolls
  3 river rats (Sewer)
  21 adders
  A shadow imp (D:5)
  3 white imps
  An ufetubus (D:5)
  7 worms
  4 dart slugs
  57 orcs
  11 ball pythons
  7 bats
  An endoplasm (D:1)
  7 giant cockroaches
  7 goblins
  10 hobgoblins
  10 jackals
  23 kobolds
  4 quokkas
  5 frilled lizards
  10 rats
878 creatures vanquished.

Vanquished Creatures (collateral kills)
  A spark wasp (Spider:1)
  A tarantella (Spider:1)
  A culicivora (Spider:1)
  A redback (Spider:1)
  3 orc wizards (Orc:2)
7 creatures vanquished.

Vanquished Creatures (others)
  An adder (D:3)
  35 fungi
  68 plants
104 creatures vanquished.

Grand Total: 989 creatures vanquished

Notes
Turn   | Place    | Note
-------+----------+-------------------------------------------
     0 | D:1      | greasedhog the Ogre Berserker began the quest for the Orb.
     0 | D:1      | Reached XP level 1. HP: 24/24 MP: 1/1
    88 | D:1      | Found a faded altar of an unknown god.
   112 | D:1      | Reached XP level 2. HP: 29/33 MP: 2/2
   440 | D:1      | Reached XP level 3. HP: 38/40 MP: 3/3
  1005 | D:1      | Reached skill level 5 in Fighting
  1028 | D:1      | Reached ** piety under Trog
  1303 | D:2      | Found a white marble altar of Elyvilon.
  1332 | D:2      | Reached XP level 4. HP: 41/50 MP: 4/4
  2110 | D:3      | Found a transporter.
  2111 | D:3      | Noticed SirDiesAlot's ghost (amateur DEEE)
  2113 | D:3      | Identified the +7 giant club "Aptyiry" {vorpal, rC++ Str+3}
  2113 | D:3      | Noticed an ogre
  2115 | D:3      | Noticed an ogre
  2117 | D:3      | Found a transporter.
  2363 | D:3      | Reached XP level 5. HP: 51/59 MP: 5/5
  2529 | D:3      | Reached skill level 6 in Fighting
  2590 | D:3      | Identified the +3 leather armour of the Barber Surgeon
                  | {Regen+ MP-9 Str+3 Stlth+}
  3040 | D:3      | Killed an ogre
  3041 | D:3      | Reached XP level 6. HP: 67/67 MP: 6/6
  3044 | D:3      | Killed SirDiesAlot's ghost
  3049 | D:3      | Reached skill level 5 in Maces & Flails
  3207 | D:4      | Found a runed translucent door.
  3306 | D:4      | Noticed ytrimaz's ghost (novice DsGl)
  3332 | D:4      | Found Efohu's Antique Armour Shoppe.
  3374 | D:4      | Reached XP level 7. HP: 75/75 MP: 7/7
  3389 | D:4      | Found Faem's Jewellery Boutique.
  3399 | D:4      | Found a glowing drain.
  3431 | Sewer    | Entered a sewer
  3568 | Sewer    | Reached *** piety under Trog
  4017 | Sewer    | Reached skill level 5 in Dodging
  4391 | D:4      | Found Oronyl's Weapon Shoppe.
  4617 | D:4      | Found Xothichi's Weapon Shop.
  4736 | D:4      | Found Puama's Antique Weapon Shoppe.
  5049 | D:4      | Killed ytrimaz's ghost
  5050 | D:4      | Reached XP level 8. HP: 83/83 MP: 8/8
  5121 | D:5      | Entered Level 5 of the Dungeon
  5143 | D:5      | Found a transporter.
  5143 | D:5      | Noticed SigmundSlayer's ghost (amateur DsNe)
  5296 | D:5      | Noticed Blork the orc
  5305 | D:5      | Killed Blork the orc
  5571 | D:5      | Noticed Sigmund
  5590 | D:5      | Killed Sigmund
  5591 | D:5      | Reached skill level 1 in Armour
  5989 | D:5      | Reached skill level 7 in Fighting
  5989 | D:5      | Reached XP level 9. HP: 77/93 MP: 9/9
  6217 | D:5      | Found a transporter.
  6273 | D:5      | Found a staircase to the Ecumenical Temple.
  6382 | D:4      | Bought a runed robe for 70 gold pieces
  6439 | D:5      | Found a runed translucent door.
  6440 | D:5      | Noticed Crazy Yiuf
  6660 | D:5      | Killed Crazy Yiuf
  6738 | D:6      | Noticed Eustachio
  6764 | D:6      | Killed Eustachio
  7055 | D:6      | Reached skill level 8 in Fighting
  7141 | D:6      | Noticed Menkaure
  7418 | D:6      | Killed Menkaure
  7559 | D:5      | Killed SigmundSlayer's ghost
  7818 | D:6      | Reached **** piety under Trog
  8065 | D:6      | Reached skill level 9 in Fighting
  8494 | D:7      | Noticed Maggie
  8990 | D:7      | Reached XP level 10. HP: 86/104 MP: 10/10
  9256 | D:7      | Killed Maggie
  9342 | D:7      | Reached skill level 10 in Fighting
  9711 | D:7      | Reached skill level 5 in Armour
  9718 | D:7      | Found a sacrificial altar of Ru.
  9764 | D:7      | Noticed Pikel
  9773 | D:7      | Killed Pikel
 10052 | D:7      | Found a shimmering blue altar of Sif Muna.
 10096 | D:7      | Found a radiant altar of Vehumet.
 10489 | D:8      | Noticed a manticore
 10501 | D:8      | Killed a manticore
 10829 | D:8      | Reached skill level 11 in Fighting
 11228 | D:8      | Found Deic's Fire Supplies.
 11373 | D:8      | Reached XP level 11. HP: 81/120 MP: 11/11
 11496 | D:8      | Reached skill level 10 in Maces & Flails
 12152 | D:9      | Noticed a two-headed ogre
 12161 | D:9      | Killed a two-headed ogre
 12402 | D:9      | Found Tuihaha's Antique Weapon Emporium.
 12422 | D:9      | Reached skill level 12 in Fighting
 12607 | D:9      | Noticed Gastronok
 12636 | D:9      | Killed Gastronok
 13008 | D:9      | Noticed Erolcha
 13015 | D:9      | Killed Erolcha
 13016 | D:9      | Reached skill level 13 in Fighting
 13528 | D:10     | Entered Level 10 of the Dungeon
 13869 | D:10     | Reached XP level 12. HP: 117/136 MP: 12/12
 14218 | D:10     | Found a broken altar of Ashenzari.
 14221 | D:10     | Found a staircase to the Orcish Mines.
 14290 | D:10     | Found a staircase to the Lair.
 14505 | D:10     | Found a shimmering altar of Xom.
 14559 | Orc:1    | Entered Level 1 of the Orcish Mines
 14559 | Orc:1    | Found Kif Viwo's Antique Armour Shoppe.
 14566 | Orc:1    | Bought a glowing cloak for 225 gold pieces
 14968 | Orc:1    | Noticed an ogre mage
 14970 | Orc:1    | Noticed a two-headed ogre
 14973 | Orc:1    | Noticed a two-headed ogre
 14973 | Orc:1    | Noticed a two-headed ogre
 14974 | Orc:1    | Noticed a two-headed ogre
 14991 | Orc:1    | Noticed a two-headed ogre
 14994 | Orc:1    | Killed a two-headed ogre
 14995 | Orc:1    | Reached skill level 14 in Fighting
 14995 | Orc:1    | Killed an ogre mage
 14998 | Orc:1    | Killed a two-headed ogre
 15002 | Orc:1    | Killed a two-headed ogre
 15004 | Orc:1    | Killed a two-headed ogre
 15009 | Orc:1    | Killed a two-headed ogre
 15010 | Orc:1    | Reached skill level 10 in Dodging
 15553 | Orc:1    | Found Burheoxt's Distillery.
 15569 | Orc:1    | Bought a potion of brilliance for 52 gold pieces
 15569 | Orc:1    | Bought a potion of resistance for 130 gold pieces
 15754 | Orc:1    | Found Qoheru's Armour Shoppe.
 15766 | Orc:1    | Bought a +1 cloak of poison resistance for 162 gold pieces
 15838 | Orc:2    | Entered Level 2 of the Orcish Mines
 15951 | Orc:2    | Noticed an orc high priest
 15962 | Orc:2    | Killed an orc high priest
 15962 | Orc:2    | Reached ***** piety under Trog
 15963 | Orc:2    | Reached skill level 15 in Fighting
 16022 | Orc:2    | Found Ygatol's Magic Scroll Shop.
 16022 | Orc:2    | Found Athycw's Weapon Boutique.
 16022 | Orc:2    | Found Juibaest's Magic Scroll Boutique.
 16043 | Orc:2    | Reached XP level 13. HP: 66/150 MP: 13/13
 16314 | Orc:2    | Found Dotoid's General Store.
 16317 | Orc:2    | Bought a scroll of identify for 22 gold pieces
 16317 | Orc:2    | Bought a scroll of enchant armour for 82 gold pieces
 16317 | Orc:2    | Bought a scroll of identify for 22 gold pieces
 16318 | Orc:2    | Bought a scroll of identify for 26 gold pieces
 17065 | Orc:2    | Found a staircase to the Elven Halls.
 17094 | Orc:2    | Received a gift from Trog
 17352 | Lair:1   | Entered Level 1 of the Lair of Beasts
 17569 | Lair:1   | You are sucked into a shaft and drop 1 floor!
 17674 | Lair:2   | Found a hole to the Spider Nest.
 17742 | Lair:2   | Reached skill level 16 in Fighting
 19443 | Lair:3   | Identified the +6 dagger of Optimality {flame, Dex+7}
 20146 | Lair:3   | Found a staircase to the Swamp.
 20516 | Lair:4   | Noticed Josephine
 20532 | Lair:4   | Killed Josephine
 20533 | Lair:4   | Reached skill level 17 in Fighting
 20539 | Lair:4   | Reached XP level 14. HP: 131/163 MP: 14/14
 20931 | Lair:4   | Found a staircase to the Slime Pits.
 20932 | Lair:4   | Found a viscous altar of Jiyva.
 21142 | Lair:4   | Identified the +7 whip of Beyond {chaos, rCorr Int+4 SInv}
 21603 | Lair:4   | Noticed Sonja
 21609 | Lair:4   | Killed Sonja
 21621 | Lair:4   | Received a gift from Trog
 21716 | Lair:4   | Found the +8 whip "Snakebite" {venom, curare, rPois}
 22006 | Lair:5   | Entered Level 5 of the Lair of Beasts
 22058 | Lair:5   | Identified the +1 ring mail of the Blind Marksman {Fly
                  | Int+6}
 22383 | Lair:5   | Reached skill level 18 in Fighting
 23515 | Lair:5   | Reached ****** piety under Trog
 23583 | Lair:5   | Reached XP level 15. HP: 169/178 MP: 15/15
 23829 | Lair:5   | Reached skill level 19 in Fighting
 23835 | Lair:5   | Reached skill level 10 in Armour
 24269 | Lair:5   | Identified the +1 leather armour "Tohocson" {Fly}
 24651 | D:11     | Received a gift from Trog
 24879 | D:11     | Noticed Fannar
 24888 | D:11     | Killed Fannar
 24891 | D:11     | Reached skill level 15 in Maces & Flails
 25137 | D:11     | Found a transporter.
 25929 | Orc:2    | Bought a scroll of blinking for 90 gold pieces
 25929 | Orc:2    | Bought a scroll of identify for 24 gold pieces
 25929 | Orc:2    | Bought a scroll of identify for 24 gold pieces
 25929 | Orc:2    | Bought a scroll of identify for 24 gold pieces
 25929 | Orc:2    | Bought a scroll of identify for 24 gold pieces
 25929 | Orc:2    | Bought a scroll of butterflies for 48 gold pieces
 25930 | Orc:2    | Bought a scroll of poison for 44 gold pieces
 25930 | Orc:2    | Bought a scroll of fear for 44 gold pieces
 25930 | Orc:2    | Bought a scroll of teleportation for 33 gold pieces
 25930 | Orc:2    | Bought a scroll of blinking for 82 gold pieces
 25930 | Orc:2    | Bought a scroll of fear for 44 gold pieces
 25933 | Orc:2    | Bought a scroll of blinking for 97 gold pieces
 26200 | D:12     | Found Tehad's Distillery.
 26230 | D:12     | Bought a potion of curing for 48 gold pieces
 26230 | D:12     | Bought a potion of might for 64 gold pieces
 26230 | D:12     | Bought a potion of resistance for 160 gold pieces
 26230 | D:12     | Bought 2 potions of berserk rage for 160 gold pieces
 26230 | D:12     | Bought a potion of haste for 160 gold pieces
 26769 | D:13     | Noticed Urug
 26773 | D:13     | Killed Urug
 26895 | D:13     | Noticed Nessos
 26914 | D:13     | Killed Nessos
 27286 | D:13     | Noticed Frances
 28113 | D:14     | Reached skill level 20 in Fighting
 28144 | D:14     | Found a gate to the Vaults.
 28170 | D:14     | Received a gift from Trog
 28371 | D:14     | Gained mutation: You are weak. (Str -2) [potion of
                  | mutation]
 28371 | D:14     | Gained mutation: Your spells are a little easier to cast,
                  | but a little less powerful. [potion of mutation]
 28372 | D:14     | Lost mutation: Your spells are a little easier to cast, but
                  | a little less powerful. [potion of mutation]
 28372 | D:14     | Lost mutation: You are weak. (Str -2) [potion of mutation]
 28372 | D:14     | Gained mutation: You are clumsy. (Dex -2) [potion of
                  | mutation]
 28372 | D:14     | Gained mutation: You occasionally shout uncontrollably at
                  | your foes. [potion of mutation]
 28372 | D:14     | Gained mutation: Your spells are a little harder to cast,
                  | but a little more powerful. [potion of mutation]
 28373 | D:14     | Lost mutation: You occasionally shout uncontrollably at
                  | your foes. [potion of mutation]
 28373 | D:14     | Lost mutation: Your spells are a little harder to cast, but
                  | a little more powerful. [potion of mutation]
 28373 | D:14     | Lost mutation: You are clumsy. (Dex -2) [potion of
                  | mutation]
 28373 | D:14     | Gained mutation: Your skin changes colour to match your
                  | surroundings (Stealth+). [potion of mutation]
 28373 | D:14     | Gained mutation: Your flesh is heat resistant. (rF+)
                  | [potion of mutation]
 28390 | D:14     | Noticed Rupert
 28399 | D:14     | Killed Rupert
 28529 | D:14     | Reached XP level 16. HP: 178/193 MP: 16/16
 28745 | D:15     | Entered Level 15 of the Dungeon
 28745 | D:15     | Found a viscous altar of Jiyva.
 28932 | D:15     | Killed Frances
 29586 | D:15     | Found a staircase to the Depths.
 30317 | Spider:1 | Entered Level 1 of the Spider Nest
 30496 | Spider:1 | Reached skill level 21 in Fighting
 30611 | Spider:1 | HP: 4/197 [tarantella (8)]
 31619 | Spider:1 | Identified the +11 giant spiked club "Ymarag" {vorpal,
                  | Will+ Str+5} (Trog gifted it to you on level 1 of the
                  | Spider Nest)
 31619 | Spider:1 | Received a gift from Trog
 32639 | Spider:2 | Reached XP level 17. HP: 88/208 MP: 17/17
 33931 | Spider:2 | HP: 5/208 [redback (12)]
 33931 | Spider:2 | HP: 1/208 [tarantella (4)]
 33932 | Spider:2 | Slain by a wolf spider

Illustrated notes

Levels and vault maps discovered:
D:1:      matt_arrival_grand_opening, layout_loops_ring,
          ebering_ecumenical_altar_box
D:2:      layout_basic, basic_altar
D:3:      layout_rooms, gammafunk_ghost_smash
D:4:      layout_basic, gup_sewer_entry_glass, serial_shops,
          nicolae_shop_advertising_works [nicolae_subvault_shop_adworks], shop,
          kennysheep_little_box, nicolae_shop_bloodbath_and_beyond,
          nicolae_shop_behind_doors, ebering_ghost_reflecting_pool
D:5:      layout_basic, minmay_temple_entry_statues_fountains,
          gammafunk_ghost_mausoleum, nicolae_wormholes, uniq_sigmund,
          uniq_crazy_yiuf_cottage, uniq_blork_the_orc
D:6:      layout_loops_ring, nicolae_kite_square_tiling_tiny, uniq_menkaure,
          uniq_eustachio
D:7:      layout_basic, fiery_altar_vehumet, overflow_temple_1_default,
          marbit_many_paths, uniq_maggie, uniq_pikel
D:8:      layout_basic, chequers_decorated_corner, minivault_25,
          nicolae_shop_fire_sale [nicolae_sub_dead_trees], minivault_4,
          serial_park_tiny_pond, minmay_misc_feat_enclosed
D:9:      layout_cave_pods, serial_shops, nicolae_diamond_shop,
          kennysheep_generic_room_4, uniq_erolcha, uniq_gastronok
D:10:     layout_rooms, general_overflow_altar, kennysheep_mini,
          grunt_lair_entry_orc_guard_hut, orc_david_3
D:11:     kennysheep_spiral_hall, layout_basic, minmay_stone_trees_medium,
          nicolae_diode_basic, uniq_fannar
D:12:     layout_rooms, kennysheep_windowed_goal
D:13:     lemuel_ice_statue, layout_stronghold, uniq_nessos, uniq_urug,
          uniq_frances
D:14:     layout_roguey, grunt_vaults_entry_tiered, chequers_garden, uniq_rupert
D:15:     hangedman_depths_entry_civil_slaughter, layout_basic,
          hellmonk_bongcloud_opening, jiyva_altar_1
Lair:1:   layout_loops_ring, minivault_19
Lair:2:   statuecave_lemuel, layout_small_grid,
          hellmonk_spider_entry_not_the_bees
Lair:3:   layout_chaotic_city, minmay_swamp_entry_worms
Lair:4:   minmay_guarded_unrand_snakebite, layout_long_grid,
          minmay_slime_entry_jelly_boxes, nicolae_volcano_entry_batcave,
          uniq_sonja, uniq_josephine
Lair:5:   guppyfry_lair_end_dragon, layout_loops_ring,
          hangedman_lair_caniforms_friends, grunt_megastairs_2
Spider:1: nicolae_spider_hilbert_zone_3 [nicolae_spider_hilbert_4_sides_2_open,
          nicolae_spider_hilbert_3_sides_1_open,
          nicolae_spider_hilbert_3_sides_1_open,
          nicolae_spider_hilbert_3_sides_1_open,
          nicolae_spider_hilbert_3_sides_1_open,
          nicolae_spider_hilbert_4_sides_1_open,
          nicolae_spider_hilbert_4_sides_1_open,
          nicolae_spider_hilbert_4_sides_1_open,
          nicolae_spider_hilbert_4_sides_1_open,
          nicolae_spider_hilbert_4_sides_1_open,
          nicolae_spider_hilbert_4_sides_1_open,
          nicolae_spider_hilbert_4_sides_1_open,
          nicolae_spider_hilbert_4_sides_1_open,
          nicolae_spider_hilbert_3_sides_1_open,
          nicolae_spider_hilbert_3_sides_1_open,
          nicolae_spider_hilbert_3_sides_1_open,
          nicolae_spider_hilbert_3_sides_1_open]
Spider:2: layout_chambers, hangedman_spider_tarantella_strand
Spider:3: layout_spider_delve
Orc:1:    layout_caves, serial_shops, shop, shop, nicolae_shop_statue_plus,
          nicolae_orc_stony_grotto
Orc:2:    st_orc_mages, layout_caves

Skill      XL: |  1  2  3  4  5  6  7  8  9 10 11 12 13 14 15 16 |
---------------+-------------------------------------------------+-----
Maces & Flails | 3 4 5 6 7 8 9 11 12 13 14 15 16 | 16.8
Fighting       | 5 6 7 9 11 13 15 17 18 20 21 | 21.8
Dodging        | 3 4 5 6 7 9 10 11 12 | 12.9
Armour         | 2 4 5 8 9 10 | 10.0

Action                   |  1- 3 |  4- 6 |  7- 9 | 10-12 | 13-15 | 16-18 || total
-------------------------+-------+-------+-------+-------+-------+-------++-------
Melee: Mace              |   112 |   111 |       |       |       |       ||   223
       Punch             |       |     2 |       |       |       |       ||     2
       Giant club        |       |    19 |   279 |   418 |  1008 |   233 ||  1957
       Giant spiked club |       |       |       |       |       |   152 ||   152
Invok: Berserk           |       |     2 |     6 |    12 |     6 |     5 ||    31
       Trog's Hand       |       |     1 |     4 |     8 |     5 |     1 ||    19
       Brothers in Arms  |       |       |       |       |     1 |     1 ||     2
Evoke: Wand              |       |     1 |       |       |     2 |       ||     3
  Use: Scroll            |       |     6 |     2 |     8 |    18 |     2 ||    36
       Potion            |       |     2 |       |     1 |     3 |     6 ||    12
 Stab: Sleeping          |     1 |       |       |       |       |     1 ||     2
       Distracted        |       |       |       |       |       |     1 ||     1
Armor: Animal skin       |    58 |    60 |    42 |       |       |       ||   160
       Robe              |       |       |    32 |     4 |       |       ||    36
       Steam dragon scal |       |       |       |   143 |    15 |       ||   158
       Troll leather arm |       |       |       |       |   379 |   169 ||   548
Dodge: Dodged            |    73 |    83 |   135 |   256 |   781 |   283 ||  1611

Table legend: (Time is in decaauts)
 A = Elapsed time spent in this place.
 B = Non-inter-level travel time spent in this place.
 C = Inter-level travel time spent in this place.
 D = Time resting spent in this place.
 E = Time spent auto-exploring this place.
 F = Levels seen in this place.
 G = Mean time per level.
                   A        B        C        D        E       F      G
               +--------+--------+--------+--------+--------+-----+--------+
         Total |  34311 |  32472 |   1839 |   7309 |  19686 |  26 | 1319.7 |
       Dungeon |  19853 |  18658 |   1195 |   4280 |  11483 |  15 | 1323.5 |
          Lair |   7321 |   6929 |    392 |   1043 |   4605 |   5 | 1464.2 |
   Spider Nest |   3605 |   3519 |     86 |   1269 |   1643 |   3 | 1201.7 |
  Orcish Mines |   2575 |   2410 |    165 |    549 |   1402 |   2 | 1287.5 |
         Sewer |    955 |    955 |      0 |    166 |    552 |   1 |  955.0 |
               +--------+--------+--------+--------+--------+-----+--------+

Top non-repeatable levels by time:
     D:5: 2329 daAuts
  Lair:5: 2077 daAuts
Spider:2: 2060 daAuts
  Lair:4: 1889 daAuts
     D:6: 1684 daAuts
     D:8: 1623 daAuts
     D:9: 1608 daAuts
   Orc:2: 1532 daAuts
Spider:1: 1519 daAuts
     D:7: 1409 daAuts
    D:10: 1402 daAuts
  Lair:2: 1362 daAuts
    D:11: 1327 daAuts
    D:15: 1293 daAuts
     D:3: 1283 daAuts
